 Dungeon Crawl Stone Soup version 0.30.1-11-g7821555f0a (webtiles) character file.

Game seed: 8614111393557140835

119 SacredBeard the Grave Robber (level 4, -1/32 HPs)
             Began as a Demonspawn Necromancer on Nov 18, 2023.
             Slain by an orc wizard
             ... wielding a +0 dagger
              (4 damage)
             ... on level 3 of the Dungeon.
             The game lasted 00:06:09 (2460 turns).

SacredBeard the Grave Robber (DsNe)                 Turns: 2460, Time: 00:06:09

Health: -1/32      AC:  5    Str:  8    XL:     4   Next: 73%
Magic:  0/7        EV: 11    Int: 17    God:
Gold:   120        SH:  0    Dex: 15    Spells: 6/7 levels left

rFire   . . .        n - +0 short sword
rCold   . . .        (no shield)
rNeg    . . .        f - +0 leather armour
rPois   .            (no helmet)
rElec   .            (no cloak)
rCorr   .            g - +0 pair of gloves
SInv    .            m - +0 pair of boots
Will    .....        (no amulet)
Stlth   ++           (no ring)
HPRegen 0.25/turn    (no ring)
MPRegen 0.10/turn

%: no passive effects
@: no status effects
A: weakness stinger 1
a: no special abilities


You were on level 3 of the Dungeon.
You visited 1 branch of the dungeon, and saw 3 of its levels.

You collected 120 gold pieces.

Inventory:

Hand Weapons
 n - a +0 short sword (weapon)
Missiles
 c - 8 poisoned darts
 e - 35 stones
Armour
 f - a +0 leather armour (worn)
 g - a +0 pair of gloves (worn)
 m - a +0 pair of boots (worn)
Scrolls
 a - 2 scrolls of magic mapping {unknown}
 d - a scroll of noise {unknown}
 h - 2 scrolls of teleportation {unknown}
 i - a scroll of poison {unknown}
 k - 4 scrolls of identify {unknown}
 l - a scroll of immolation {unknown}
 o - a scroll of enchant weapon {unknown}
 q - a scroll of enchant armour {unknown}
Potions
 b - a potion of magic
 j - 2 potions of attraction {unknown}
 p - a potion of lignification {unknown}
 r - 2 potions of invisibility {unknown}


   Skills:
 + Level 1.5 Fighting
 + Level 1.0 Throwing
 + Level 1.2 Armour
 - Level 2.0 Dodging
 + Level 2.5 Stealth
 - Level 2.0 Spellcasting
 * Level 5.3 Necromancy


You had 6 spell levels left.
You knew the following spells:

 Your Spells              Type           Power      Damage    Failure   Level
a - Necrotise             Necr           76%        1d7       3%          1

Your spell library contained the following spells:

 Spells                   Type           Power      Damage    Failure   Level
 Vampiric Draining        Necr           19%        2d7       9%          3
 Animate Dead             Necr           19%        N/A       30%         4
 Agony                    Necr           19%        N/A       63%         5


Dungeon Overview and Level Annotations

Branches:
Dungeon (3/15) Zot: 15536

Altars:
Uskayaw


Innate Abilities, Weirdness & Mutations

You have a small tail.


Message History

Beogh smites you! Something hits you.
Casting: Necrotise (safe; 3% risk of failure)
Confirm with . or Enter, or press ? or * to list all spells.
Aiming: Necrotise (safe; 3% risk of failure)
Press: ? - help, Shift-Dir - straight line, f/p - orc priest
Aim: an orc priest, wielding a +0 dagger (moderately wounded, chance to affect: 78%)
The orc priest writhes in agony.
The orc priest closely misses you. Something hits you but does no damage.
You barely miss the orc priest.
The orc priest is heavily wounded.
The orc priest hits you with a +0 dagger.
Something hits you.
You closely miss the orc priest.
The orc priest is heavily wounded.
The orc priest hits you with a +0 dagger.
* * * LOW HITPOINT WARNING * * *
Something hits you but does no damage.
You hit the orc priest.
The orc priest is almost dead.
The orc priest hits you but does no damage.
Something hits you.
* * * LOW HITPOINT WARNING * * *
You hit the orc priest.
You kill the orc priest!
Something completely misses you.
Your Throwing skill increases to level 1!
Unknown command.
You closely miss something. Something hits you but does no damage.
Casting: Necrotise (safe; 3% risk of failure)
Confirm with . or Enter, or press ? or * to list all spells.
You can't see any susceptible monsters within range! (Use Z to cast anyway.)
Casting: Necrotise (safe; 3% risk of failure)
Confirm with . or Enter, or press ? or * to list all spells.
Aiming: Necrotise (safe; 3% risk of failure)
Press: ? - help, Shift-Dir - straight line Something writhes in agony.
Something hits you.
* * * LOW HITPOINT WARNING * * *
You hit something but do no damage. Something hits you but does no damage.
You closely miss something. Something hits you.
You die...

...........#...........
...........#...........
.......................
...###........########
#........#
#........#######
#...............
#:.)............
#@).............
#.{.............
#...............
#...............
#........######.
#........# #........#
#........#


There were no monsters in sight!

Vanquished Creatures
  An orc priest (D:3)
  An adder (D:3)
  A worm (D:2)
  2 dart slugs
  An orc (D:3)
  8 bats
  8 endoplasms
  3 giant cockroaches (D:2)
  2 goblins (D:1)
  7 hobgoblins
  3 jackals (D:1)
  2 quokkas (D:1)
  6 ball pythons
  3 frilled lizards
  3 kobolds
  3 rats
54 creatures vanquished.

Vanquished Creatures (collateral kills)
  An adder (D:2)
  A ball python (D:1)
2 creatures vanquished.

Grand Total: 56 creatures vanquished

Notes
Turn   | Place    | Note
-------+----------+-------------------------------------------
     0 | D:1      | SacredBeard the Demonspawn Necromancer began the quest for
                  | the Orb.
     0 | D:1      | Reached XP level 1. HP: 13/13 MP: 3/3
   306 | D:1      | Discovered your monstrous ancestry.
   306 | D:1      | Gained mutation: You have a small tail. [demonic ancestry]
   306 | D:1      | Reached XP level 2. HP: 20/20 MP: 0/5
   789 | D:1      | Reached XP level 3. HP: 25/25 MP: 4/6
  1426 | D:2      | Reached skill level 1 in Fighting
  1545 | D:2      | Reached skill level 1 in Armour
  1545 | D:2      | Reached skill level 5 in Necromancy
  1876 | D:2      | Reached XP level 4. HP: 32/32 MP: 2/7
  2335 | D:3      | Found a hide-covered altar of Uskayaw.
  2457 | D:3      | Reached skill level 1 in Throwing
  2460 | D:3      | Slain by an orc wizard

Illustrated notes

Levels and vault maps discovered:
D:1:      eino_arrival_water_star, layout_loops_ring
D:2:      layout_basic, minmay_worlds_worst_comb
D:3:      layout_basic, nicolae_uskayaw_dance_hall, minmay_vboxes

Skill      XL: |  1  2  3  4 |
---------------+-------------+-----
Stealth        | 2 |  2.5
Dodging        | 2 |  2.0
Fighting       | 1 |  1.5
Armour         | 1 |  1.2
Necromancy     | 5 |  5.3
Throwing       | 1 |  1.0
Spellcasting   | |  2.0

Action                     |  1- 3 |  4- 6 || total
---------------------------+-------+-------++-------
  Melee: Unarmed           |     7 |       ||     7
         Rapier            |    12 |       ||    12
         Punch             |     1 |       ||     1
         Tailslap          |     2 |     1 ||     3
         Short sword       |     6 |     9 ||    15
   Cast: Necrotise         |    79 |    21 ||   100
 Armour: Robe              |     3 |       ||     3
         Leather armour    |     3 |     9 ||    12
  Dodge: Dodged            |    24 |     5 ||    29
